 Dungeon Crawl Stone Soup version 0.29.0-4-gdea44cf6ec (webtiles) character file.

Game seed: 1611359858626809278

296 qw the Chopper (level 6, 0/36 HPs)
             Began as a Tengu Warper on Aug 28, 2022.
             Was an Initiate of Okawaru.
             Succumbed to a scorpion's poison
             ... on level 5 of the Dungeon.
             The game lasted 00:00:28 (5546 turns).

qw the Chopper (Tengu Warper)                       Turns: 5546, Time: 00:00:29

Health: 0/36       AC:  6    Str: 14    XL:     6   Next: 35%
Magic:  10/10      EV: 13    Int: 13    God:    Okawaru [......]
Gold:   160        SH:  0    Dex: 19    Spells: 9/9 levels left

rFire   . . .      SeeInvis .   Y - +0 hand axe
rCold   . . .      Faith    .   (no shield)
rNeg    . . .      Spirit   .   n - +0 scale mail
rPois   .          Reflect  .   (helmet restricted)
rElec   .          Harm     .   (no cloak)
rCorr   .          Rampage  .   (no gloves)
Will    .....                   (boots unavailable)
Stlth   +.........              (no amulet)
HPRegen 0.12/turn               k - +6 ring of dexterity
MPRegen 0.12/turn               (no ring)

@: lethally poisoned (0 -> -7), flying quickly and evasively, quick
A: beak, talons 3, nimble flight, mutation resistance 1, sturdy frame 1
a: Renounce Religion


You were on level 5 of the Dungeon.
You worshipped Okawaru.
Okawaru was noncommittal.
You visited 2 branches of the dungeon, and saw 6 of its levels.

You collected 160 gold pieces.


Innate Abilities, Weirdness & Mutations

You have a beak for a mouth.
You have claws for feet.
Your magical nature lets you fly swiftly and evasively.
You are somewhat resistant to further mutation.
Your movements are slightly less encumbered by armour. (ER -2)


   Skills:
 + Level 2.3 Fighting
 - Level 7.0 Axes
 - Level 1.0 Throwing
 - Level 1.1 Armour
 - Level 2.3 Dodging
 - Level 2.0 Spellcasting
 - Level 2.4 Translocations


You had 9 spell levels left.
You didn't know any spells.
Your spell library contained the following spells:

 Spells                   Type           Power      Damage    Failure   Level
 Blink                    Tloc           14%        N/A       36%         2
 Gell's Gravitas          Tloc           7%         N/A       58%         3
 Lesser Beckoning         Tloc           7%         N/A       58%         3
 Teleport Other           Tloc           7%         N/A       58%         3
 Manifold Assault         Tloc           7%         N/A       100%        5

Inventory:

Hand Weapons
 j - a +0 morningstar of holy wrath
 Y - a +0 hand axe (weapon)
Armour
 n - a +0 scale mail (worn)
Jewellery
 k - a +6 ring of dexterity (left hand)
Scrolls
 c - a scroll of identify
Potions
 a - 2 potions of haste
 b - a potion of cancellation
 d - a potion of mutation
 f - a potion of brilliance {unknown}
 h - a potion of attraction {unknown}
 i - a potion of ambrosia {unknown}

Dungeon Overview and Level Annotations

Branches:
Dungeon (5/15)             Temple (1/1) D:4

Altars:
Ashenzari
Dithmenos
Elyvilon
Gozag
Hepliaklqana
Kikubaaqudgha
Makhleb
Nemelex Xobeh
Okawaru
Qazlal
Sif Muna
Trog
Uskayaw
Wu Jian
Yredelemnul
Zin
The Shining One

Annotations:
D:3 2 transporters


Message History

You hit something. You closely miss the scorpion.
You feel sick. Something hits you. The scorpion barely misses you.
You hit the orc.
You kill the orc!
Okawaru accepts your kill.
You hit something but do no damage. You hit the scorpion.
You feel sick. The scorpion stings you.
You are lethally poisoned!
The scorpion poisons you! Something hits you but does no damage.
5539 ||| DRINKING potion of heal wounds.
You feel much better.
You feel very sick.
The scorpion stings you but does no damage.
You hear some strange, mumbled words.
You are confused.
You bump into the rock wall.
You feel very sick. The scorpion stings you.
You are more poisoned.
The scorpion poisons you! Something hits you.
The scorpion completely misses you.
You closely miss the scorpion. You claw the scorpion.
The scorpion is heavily wounded.
You hit something but do no damage.
You feel very sick. Something hits you. The scorpion stings you.
You're too confused to move!
You feel very sick. Something hits you but does no damage.
The scorpion stings you but does no damage.
You bump into the rock wall.
You feel very sick. The scorpion closely misses you.
Something hits you but does no damage.
You feel sick.
You bump into the rock wall.
You feel less confused.
You feel sick. The scorpion stings you.
You hit the scorpion but do no damage.
The scorpion is heavily wounded.
You die...

........#
........#
#######.# #.####
#....# ####.#
####### #.##
......#
#..######).....#
##.....@s{.....#
########).....#
......# ......#
##..... #..##
.... ###


You could see a scorpion.

Vanquished Creatures
  An orc wizard (D:3)
  2 scorpion zombies (D:3)
  2 hound zombies (D:3)
  2 hound skeletons (D:3)
  6 adders
  3 adder zombies (D:3)
  An adder skeleton (D:3)
  A worm (D:3)
  2 dart slugs
  8 orcs
  5 bats
  7 endoplasms
  3 giant cockroaches
  6 goblins
  8 hobgoblins
  2 jackals (D:4)
  8 kobolds
  5 quokkas
  2 ball pythons (D:3)
  3 frilled lizards
  6 rats
83 creatures vanquished.

Notes
Turn   | Place    | Note
-------+----------+-------------------------------------------
     0 | D:1      | qw the Tengu Warper began the quest for the Orb.
     0 | D:1      | Reached XP level 1. HP: 12/12 MP: 4/4
     0 | D:1      | 0 ||| qw: Version: 0.1-a-89-g26bdef1
     0 | D:1      | 0 ||| qw: Game counter: 354
     0 | D:1      | 0 ||| qw: Always use a shield: true
     0 | D:1      | 0 ||| qw: God list: Okawaru
     0 | D:1      | 0 ||| qw: Allow faded altars: false
     0 | D:1      | 0 ||| qw: Do Orc after D:15 true
     0 | D:1      | 0 ||| qw: Do second Lair branch before Depths: true
     0 | D:1      | 0 ||| qw: Lair rune preference: random
     0 | D:1      | 0 ||| qw: Plans: Normal
     0 | D:1      | 0 ||| PLANNING D:1-11
   117 | D:1      | 117 ||| Stepping ~*~*~tactically~*~*~ (stealth).
   119 | D:1      | 119 ||| Stepping ~*~*~tactically~*~*~ (stealth).
   128 | D:1      | 128 ||| Stepping ~*~*~tactically~*~*~ (stealth).
   129 | D:1      | 129 ||| Stepping ~*~*~tactically~*~*~ (stealth).
   131 | D:1      | 131 ||| Stepping ~*~*~tactically~*~*~ (stealth).
   362 | D:1      | Reached XP level 2. HP: 17/17 MP: 6/6
   421 | D:1      | Reached skill level 3 in Axes
   715 | D:1      | 715 ||| Stepping ~*~*~tactically~*~*~ (hiding).
   716 | D:1      | 716 ||| Stepping ~*~*~tactically~*~*~ (hiding).
   740 | D:1      | Reached XP level 3. HP: 19/21 MP: 7/7
   896 | D:1      | Found a faded altar of an unknown god.
  1213 | D:1      | 1213 ||| UPGRADING to +0 ring mail.
  1223 | D:1      | 1223 ||| DROPPING +0 leather armour.
  1224 | D:1      | 1224 ||| READING scroll labelled VIOV XIUM TOE.
  1225 | D:1      | 1225 ||| READING scroll labelled MINUEDDOISCH.
  1226 | D:1      | 1226 ||| READING scroll labelled UNNE APUANN.
  1227 | D:1      | 1227 ||| DRINKING 2 fuming black potions.
  1227 | D:1      | Gained mutation: You are somewhat resistant to further
                  | mutation. [potion of mutation]
  1227 | D:1      | Gained mutation: Your movements are slightly less
                  | encumbered by armour. (ER -2) [potion of mutation]
  1228 | D:1      | 1228 ||| DROPPING scroll of blinking.
  1399 | D:2      | Reached skill level 4 in Axes
  1733 | D:2      | 1733 ||| Stepping ~*~*~tactically~*~*~ (stealth).
  1734 | D:2      | 1734 ||| Stepping ~*~*~tactically~*~*~ (stealth).
  1968 | D:2      | Reached XP level 4. HP: 22/26 MP: 8/8
  1968 | D:2      | 1968 ||| FLEEEEING.
  1969 | D:2      | 1969 ||| FLEEEEING.
  1970 | D:2      | 1970 ||| FLEEEEING.
  1971 | D:2      | 1971 ||| FLEEEEING.
  1972 | D:2      | 1972 ||| FLEEEEING.
  1973 | D:2      | 1973 ||| FLEEEEING.
  1974 | D:2      | 1974 ||| FLEEEEING.
  1975 | D:2      | 1975 ||| FLEEEEING.
  1976 | D:2      | 1976 ||| FLEEEEING.
  1977 | D:2      | 1977 ||| FLEEEEING.
  1979 | D:2      | 1979 ||| FLEEEEING.
  1980 | D:2      | 1980 ||| FLEEEEING.
  1981 | D:2      | 1981 ||| FLEEEEING.
  1982 | D:2      | 1982 ||| FLEEEEING.
  1983 | D:2      | 1983 ||| FLEEEEING.
  1984 | D:2      | 1984 ||| FLEEEEING.
  1986 | D:2      | 1986 ||| FLEEEEING.
  1987 | D:2      | 1987 ||| FLEEEEING.
  1988 | D:2      | 1988 ||| FLEEEEING.
  1989 | D:2      | 1989 ||| FLEEEEING.
  1990 | D:2      | 1990 ||| STAIRDANCE
  2016 | D:1      | 2016 ||| READING scroll labelled PAOMPO YCEDGH.
  2017 | D:1      | 2017 ||| READING scroll labelled MICITU CORRIMM.
  2018 | D:1      | 2018 ||| READING scroll labelled MOEMORGH DIUTO.
  2025 | D:2      | 2025 ||| STAIRDANCE
  2158 | D:2      | 2158 ||| Stepping randomly (stuck).
  2525 | D:3      | 2525 ||| Stepping ~*~*~tactically~*~*~ (stealth).
  2526 | D:3      | 2526 ||| Stepping ~*~*~tactically~*~*~ (stealth).
  2543 | D:3      | Reached skill level 5 in Axes
  2683 | D:3      | Gained mutation: Your magical nature lets you fly swiftly
                  | and evasively. [Tengu growth]
  2683 | D:3      | Reached XP level 5. HP: 24/30 MP: 9/9
  2954 | D:3      | Found a transporter.
  2990 | D:3      | Reached skill level 6 in Axes
  3124 | D:3      | Found a transporter.
  3177 | D:3      | 3177 ||| Stepping ~*~*~tactically~*~*~ (stealth).
  3200 | D:3      | Reached XP level 6. HP: 17/35 MP: 10/10
  3561 | D:3      | 3561 ||| UPGRADING to +6 ring of dexterity.
  3562 | D:3      | 3562 ||| READING scroll labelled PINKEM LIHOHEWKO.
  3563 | D:3      | 3563 ||| READING 2 scrolls labelled GULATOS YFFE.
  3567 | D:3      | 3567 ||| DRINKING 2 fuming golden potions.
  3568 | D:3      | 3568 ||| DRINKING 2 glowing grey potions.
  3569 | D:3      | 3569 ||| DRINKING 2 metallic inky potions.
  3570 | D:3      | 3570 ||| READING 2 scrolls of identify.
  3570 | D:3      | 3570 ||| IDENTIFYING fizzy ruby potion
  3571 | D:3      | 3571 ||| DROPPING potion of flight.
  3586 | D:4      | 3586 ||| PLANNING OSSUARY
  3604 | D:4      | Found a hazy altar of Hepliaklqana.
  3708 | D:4      | 3708 ||| DROPPING +0 club.
  3763 | D:4      | 3763 ||| Stepping ~*~*~tactically~*~*~ (stealth).
  3768 | D:4      | 3768 ||| Stepping ~*~*~tactically~*~*~ (stealth).
  3834 | D:4      | Found a staircase to the Ecumenical Temple.
  3835 | D:4      | 3835 ||| PLANNING TEMPLE
  3835 | D:4      | 3835 ||| UPGRADING to +0 scale mail.
  3845 | D:4      | 3845 ||| DROPPING +0 ring mail.
  3846 | D:4      | 3846 ||| READING scroll labelled COIMAV FAWAL.
  3847 | D:4      | 3847 ||| READING scroll of teleportation.
  3948 | Temple   | Entered the Ecumenical Temple
  4009 | Temple   | Became a worshipper of Warmaster Okawaru
  4244 | Temple   | 4244 ||| PLANNING OSSUARY
  4275 | D:4      | 4275 ||| RIP OSSUARY
  4297 | D:4      | 4297 ||| PLANNING D:1-11
  4306 | D:4      | 4306 ||| FLEEEEING.
  4307 | D:4      | 4307 ||| FLEEEEING.
  4308 | D:4      | 4308 ||| STAIRDANCE
  4863 | D:4      | Reached skill level 7 in Axes
  5485 | D:5      | Entered Level 5 of the Dungeon
  5538 | D:5      | HP: 8/35 [scorpion (2)]
  5539 | D:5      | 5539 ||| DRINKING potion of heal wounds.
  5543 | D:5      | HP: 9/36 [poisoned by a scorpion]
  5545 | D:5      | HP: 2/36 [scorpion (3)]
  5546 | D:5      | Succumbed to a scorpion's poison

Levels and vault maps discovered:
D:1:      nagdon_arrival_zigzag_paths, layout_loops_ring,
          shapermc_ecumenical_altar_petra
D:2:      layout_loops_corners, kennysheep_doodads,
          nicolae_concentric_dashed_squares_wild
D:3:      gammafunk_steamed_eel, layout_basic, serial_undead, serial_undead_a,
          serial_undead_b, serial_undead_d, serial_undead_a, minmay_cupped
D:4:      layout_gridville, mainiacjoe_overflow_24_doors,
          minmay_temple_entry_wispy, nicolae_ossuary_entry_plus
D:5:      layout_basic, mainiacjoe_overflow_concentric_impassable
Temple:   compressed_dpeg_triangle_lava_temple

Skill      XL: |  1  2  3  4  5  6 |
---------------+-------------------+-----
Axes           | 3 4 5 6 7 |  7.0
Fighting       | |  2.3
Throwing       | |  1.0
Armour         | |  1.1
Dodging        | |  2.3
Spellcasting   | |  2.0
Translocations | |  2.4

Action                   |  1- 3 |  4- 6 || total
-------------------------+-------+-------++-------
Melee: Hand axe          |    70 |   177 ||   247
       Kick              |    16 |    46 ||    62
       Peck              |     6 |    27 ||    33
       Punch             |     1 |     4 ||     5
Throw: Boomerang         |     7 |       ||     7
  Use: Scroll            |     3 |     8 ||    11
       Potion            |     1 |     4 ||     5
Armor: Leather armour    |     4 |       ||     4
       Ring mail         |    13 |    39 ||    52
       Scale mail        |       |    23 ||    23
Dodge: Dodged            |    27 |   108 ||   135

Table legend:
 A = Non-vault XP
 B = Vault XP
 C = Vault XP percentage of total XP
 D = Non-vault monster count
 E = Vault monster count
 F = Vault count percentage of total count
                 A         B        C        D         E       F
            +---------+---------+-------+---------+---------+-------
      Total |     234 |     190 |  44.8 |      70 |      13 |  15.7
            +---------+---------+-------+---------+---------+-------
        D:1 |      36 |       0 |   0.0 |      19 |       0 |   0.0
        D:2 |      72 |       0 |   0.0 |      21 |       0 |   0.0
        D:3 |      63 |     190 |  75.1 |      13 |      13 |  50.0
        D:4 |      51 |       0 |   0.0 |      13 |       0 |   0.0
        D:5 |      12 |       0 |   0.0 |       4 |       0 |   0.0
            +---------+---------+-------+---------+---------+-------
